AoeStats
← der adrige

Arabia

509241235Analyzed
1v1 RM · 7d ago on Sep 26, 2026· 46m 15s· 2 players
Game mode
Random Map
Map size
Tiny (2 player)
Population
200
Speed
Normal
Resources
Standard
Victory
Conquest
Starting age
Dark Age
Ending age
Imperial Age
RankedLock teamsTeams togetherTeam positionsShared explorationLock speedFull tech treeHidden civsTurbo modeCheats
Victory
Defeat
🇩🇪 Turks · Germany
999
+17
🇧🇷 Lithuanians · Brazil
1014
-17
der adrige
6:46 Loom
10:35 Feudal Age
11:39 Double-Bit Axe
18:48 Town Watch
21:07 Castle Age
18:59 Horse Collar
20:53 Scale Mail Armor
21:05 Forging
22:08 Heavy Plow
22:48 Bow Saw
23:13 Scale Barding Armor
31:59 Imperial Age
31:07 Wheelbarrow
32:07 Hand Cart
33:08 Padded Archer Armor
36:47 Leather Archer Armor
36:48 Chain Mail Armor
40:14 Bloodlines
40:05 Husbandry
41:30 Gold Mining
43:16 Ring Archer Armor
43:22 Iron Casting
46:48 Ballistics
47:02 Plate Mail Armor
47:32 Blast Furnace
46:53 Chain Barding Armor
Fat_Astronaut
7:01 Loom
9:35 Feudal Age
23:41 Castle Age
22:51 Wheelbarrow
22:33 Bloodlines
22:38 Double-Bit Axe
24:15 Crossbowman
24:50 Fletching
24:50 Pikeman
26:28 Bodkin Arrow
26:59 Scale Mail Armor
27:25 Forging
34:03 Scale Barding Armor
37:23 Thumb Ring
40:08 Padded Archer Armor
40:30 Chain Barding Armor
42:02 Iron Casting
45:23 Leather Archer Armor
Connection lost

Rejoining the realm…

Still unreachable

The connection could not be restored.

Session expired

The server has moved on; the page needs a fresh start.